Map: Blackpink LE

Players

Dear - Winner!

  • Race: Protoss Protoss
  • Spawn Location: 1:00

Maru

  • Race: Terran Terran
  • Spawn Location: 7:00

Event: IEM Season 12 - Katowice

VOD

Have the link to the VOD?

Description

Time

  • Played on: March 1, 2018, 10:09 a.m.
  • Length: 11:25

All games in this series

Show
View Real Time Build Order
Export as new Build Order

Dear Protoss - Winner!

Build Orders: 1 Gate Expand, Oracle Opening 

Get SALT Encoding   

  12  0:00  Probe  
  13  0:12  Probe  
  14  0:18  Pylon  
  14  0:25  Probe (Chrono Boost)  
  15  0:37  Probe (Chrono Boost), Gateway  
  16  0:45  Probe (Chrono Boost)  
  16  0:46  Assimilator  
  17  0:51  Probe  
  18  1:03  Probe  
  19  1:15  Probe  
  20  1:23  Nexus  
  20  1:32  Cybernetics Core  
  20  1:36  Probe  
  21  1:41  Assimilator  
  21  1:48  Probe  
  21  1:51  Pylon  
  22  2:00  Probe  
  23  2:06  Stalker (Chrono Boost)  
  23  2:12  Probe  
  26  2:16  Stargate  
  26  2:25  Probe  
  26  2:26  Warp Gate  
  27  2:35  Probe (Chrono Boost)  
  28  2:37  Probe (Chrono Boost), Stalker  
  31  2:46  Probe (Chrono Boost)  
  31  2:47  Probe (Chrono Boost)  
  31  2:51  Probe (Chrono Boost)  
  33  2:52  Probe (Chrono Boost)  
  35  3:00  Oracle (Chrono Boost)  
  35  3:01  Probe  
  35  3:04  Probe  
  40  3:07  Pylon  
  40  3:13  Probe  
  40  3:16  Probe  
  42  3:25  Gateway  
  42  3:26  Probe  
  43  3:28  Probe  
  43  3:30  Oracle (Chrono Boost)  
  43  3:32  Gateway  
  47  3:39  Probe  
  47  3:40  Probe  
  49  3:48  Assimilator  
  48  3:51  Probe  
  48  3:52  Probe  
  50  4:00  Nexus  
  50  4:01  Pylon  
  50  4:05  Phoenix  
  50  4:08  Probe  
  53  4:10  Probe  
  54  4:20  Probe  
  54  4:22  Probe, Assimilator  
  58  4:34  Probe x2  
  58  4:35  Forge  
  58  4:37  Twilight Council  
  58  4:45  Pylon  
  58  4:46  Probe x2  
  58  4:50  Blink (Chrono Boost)  
  60  4:58  Probe x2  
  62  5:00  Protoss Ground Weapons Level 1 (Chrono Boost)  
  62  5:04  Sentry x3  
  68  5:10  Probe x2, Gateway x2  
  68  5:11  Gateway  
  70  5:21  Gateway  
  70  5:22  Gateway  
  70  5:23  Probe x2  
  70  5:25  Probe  
  73  5:34  Stalker x2  
  77  5:35  Stalker  
  77  5:38  Probe x2  
  77  5:39  Probe  
  77  5:42  Pylon  
  82  5:46  Pylon  
  82  5:50  Robotics Facility  
  82  5:52  Probe x2  
  82  5:53  Probe  
  85  6:04  Probe x2, Photon Cannon  
  85  6:05  Probe, Stalker  
  85  6:09  Assimilator  
  90  6:11  Assimilator  
  90  6:13  Stalker x2  
  90  6:17  Shield Battery  
  94  6:18  Protoss Ground Armor Level 1 (Chrono Boost)  
  94  6:21  Probe x3  
  97  6:26  Pylon  
  97  6:27  Pylon  
  97  6:35  Stalker x2  
  101  6:41  Charge (Chrono Boost)  
  101  6:46  Pylon  
  101  6:47  Zealot x3  
  101  6:48  Zealot x2  
  101  6:49  Stalker  
  101  6:51  Observer (Chrono Boost)  
  114  6:57  Pylon  
  114  6:58  Pylon  
  114  7:04  Immortal (Chrono Boost)  
  114  7:06  Templar Archives  
  118  7:15  Zealot x3  
  124  7:21  Zealot x5  
  113  7:40  Immortal (Chrono Boost)  
  113  7:42  Zealot x8  
  129  7:52  Psionic Storm  
  123  8:04  High Templar x5  
  123  8:05  Zealot, High Templar  
  132  8:06  Zealot  
  132  8:09  Archon x3  
  124  8:16  Protoss Ground Armor Level 2 (Chrono Boost), Immortal (Chrono Boost)  
  104  8:36  Zealot x2  
  104  8:37  Zealot x6  
  120  8:43  Nexus  
  120  8:44  Pylon  
  120  8:49  Warp Prism  
  122  8:59  High Templar x2  
  122  9:00  Zealot x4, High Templar x2  
  134  9:07  Pylon  
  134  9:08  Pylon  
  127  9:24  Nexus  
  127  9:25  Zealot  
  127  9:26  Zealot x3  
  115  9:35  High Templar x2  
  115  9:36  Stalker x2  
  123  9:41  Archon  
  123  9:46  Probe x2  
  123  9:47  Zealot  
  123  9:48  Zealot x3  
  133  9:55  Photon Cannon  
  133  9:58  Probe  
  129  10:10  Archon  
  119  10:14  High Templar x3  
  119  10:15  Zealot x5  
  119  10:18  Probe x2  
  137  10:37  Pylon  
  137  10:42  Zealot x5  
  145  10:48  High Templar x2  
  145  10:49  Zealot  
  151  10:53  Archon  
  139  11:10  Zealot x4  
  139  11:11  Zealot x2  
  135  11:18  Archon  
Show
View Real Time Build Order
Export as new Build Order

Maru Terran 

Build Orders: Gas First Reaper Expand, Reaper Expand, MMM Bio 

Get SALT Encoding   

  12  0:00  SCV  
  13  0:12  SCV  
  14  0:17  Supply Depot  
  14  0:24  SCV  
  15  0:31  Refinery  
  15  0:38  SCV  
  16  0:43  Barracks  
  16  0:50  SCV  
  17  1:02  SCV  
  18  1:15  SCV  
  19  1:30  Reaper, Orbital Command  
  20  1:47  Command Center  
  20  1:53  Factory  
  20  1:56  SCV  
  21  2:04  Supply Depot  
  21  2:08  Barracks Reactor  
  21  2:10  SCV  
  21  2:14  Refinery  
  22  2:22  SCV  
  23  2:34  SCV  
  24  2:43  Starport  
  24  2:46  SCV  
  24  2:49  Hellion x2  
  24  2:50  Barracks Tech Lab  
  30  2:58  SCV  
  30  3:01  Orbital Command  
  30  3:10  SCV  
  31  3:17  Siege Tank, Marine x2  
  36  3:25  Starport Tech Lab  
  35  3:27  Barracks  
  35  3:28  SCV x2  
  35  3:32  Supply Depot  
  37  3:37  Marine x2  
  37  3:42  SCV  
  37  3:46  Viking  
  37  3:48  SCV  
  39  3:55  Marine x2  
  39  3:58  SCV, Engineering Bay  
  39  4:00  SCV  
  39  4:01  Widow Mine  
  45  4:05  Supply Depot  
  45  4:10  SCV  
  45  4:12  SCV  
  45  4:16  Raven  
  49  4:18  Barracks  
  49  4:22  SCV  
  51  4:24  SCV  
  51  4:25  Marine x2  
  51  4:26  Marine  
  51  4:29  Stimpack  
  54  4:35  SCV  
  54  4:36  SCV  
  54  4:37  Supply Depot  
  56  4:43  Marine, Refinery  
  57  4:46  Factory Reactor  
  57  4:48  SCV x2, Marine x2  
  61  4:53  Supply Depot  
  61  4:57  Terran Infantry Weapons Level 1  
  61  5:00  SCV x2  
  63  5:09  Starport Reactor, Marine x3  
  63  5:12  Supply Depot, SCV x2, Marine  
  69  5:17  Supply Depot  
  69  5:19  Combat Shields  
  69  5:28  Missile Turret, Widow Mine x2  
  73  5:29  Missile Turret  
  73  5:32  Marauder  
  73  5:33  Liberator, Marine, Marauder  
  73  5:34  Marine  
  79  5:39  Supply Depot  
  79  5:41  Supply Depot  
  79  5:51  Marine  
  79  5:52  Marine  
  79  5:54  Refinery  
  84  5:58  Marauder x2  
  84  6:00  Widow Mine  
  90  6:06  Widow Mine  
  90  6:07  SCV  
  90  6:08  SCV  
  90  6:09  Supply Depot  
  94  6:12  Supply Depot  
  94  6:14  Marine x2  
  94  6:15  Medivac  
  98  6:22  Marauder x2  
  102  6:33  Medivac  
  102  6:36  Command Center  
  102  6:38  Marine  
  104  6:43  Marauder  
  104  6:46  SCV x2  
  107  6:50  Medivac  
  109  6:56  Marine  
  109  6:57  Marine, Marauder  
  113  7:03  Medivac  
  113  7:04  SCV x2  
  113  7:05  Marauder  
  119  7:12  Widow Mine x2  
  122  7:18  Terran Infantry Armor Level 1  
  122  7:20  Barracks, Medivac  
  122  7:21  Barracks  
  123  7:33  Marine x2  
  123  7:34  Marauder  
  115  7:37  Widow Mine x2  
  115  7:41  SCV x2  
  119  7:46  Marine  
  117  7:51  Marine x2  
  117  7:55  Marauder, Concussive Shells  
  117  7:57  Medivac  
  121  7:59  Widow Mine  
  121  8:01  Medivac  
  121  8:03  SCV x2  
  121  8:04  Marauder  
  130  8:09  Orbital Command, Marine  
  127  8:15  SCV  
  118  8:22  Widow Mine x2  
  118  8:23  Marine, Marauder  
  118  8:24  Barracks Reactor, Barracks Tech Lab  
  118  8:26  Marauder  
  119  8:31  Medivac  
  121  8:35  Medivac  
  121  8:39  SCV x3  
  126  8:42  Armory  
  126  8:43  Widow Mine  
  126  8:44  Engineering Bay  
  126  8:45  Marine, Marauder  
  131  8:52  Marine x2, Marauder  
  131  8:55  SCV x2  
  137  8:56  Supply Depot  
  137  8:59  Supply Depot  
  135  9:05  Widow Mine x2  
  135  9:07  Marine x2  
  141  9:18  Marauder x2  
  141  9:21  Marine, Marauder  
  141  9:23  Supply Depot  
  145  9:24  Supply Depot  
  145  9:29  Marine  
  127  9:33  Marine x2  
  127  9:35  SCV  
  127  9:36  SCV x2  
  125  9:39  Marauder x2  
  125  9:43  Marauder  
  129  9:48  SCV, Refinery  
  129  9:49  Refinery  
  129  9:51  Marine x2  
  132  9:54  Ghost Academy  
  132  9:55  Marine  
  132  9:56  Liberator  
  132  9:57  Widow Mine  
  132  9:59  Widow Mine  
  137  10:01  Marauder x2  
  137  10:02  Marine  
  137  10:04  Marauder  
  137  10:06  Liberator  
  111  10:15  Marine x2  
  111  10:22  Marauder x2  
  111  10:24  Barracks x2  
  111  10:25  Orbital Command, Marine, Barracks  
  111  10:26  Marine, Marauder  
  111  10:28  Widow Mine  
  124  10:41  Widow Mine  
  124  10:49  Widow Mine  
  126  10:50  Marine x2  
  126  10:51  Ghost, Marine, Marauder  
  126  10:52  Marine x2  
  135  11:02  Widow Mine  

Tags
 
Add a new tag
Caveats
  • Supply blocks, unpowered buildings, or Contaminate may cause inaccurate times.
  • Supply counts are checked every 10 seconds.